 Dungeon Crawl Stone Soup version 0.18.1-50-g88ac8fd (webtiles) character file.

1045 magog001 the Slinger (level 8, -6/50 HPs)
             Began as a Halfling Assassin on Mar 6, 2017.
             Was a Priest of Nemelex Xobeh.
             Killed by nerve-wracking pain
             ... invoked by an orc priest
              (9 damage)
             ... on level 5 of the Dungeon.
             The game lasted 00:43:54 (6439 turns).

magog001 the Slinger (Halfling Assassin)            Turns: 6439, Time: 00:43:55

Health: -6/50      AC:  5    Str: 11    XL:     8   Next: 49%
Magic:  8/8        EV: 17    Int: 10    God:    Nemelex Xobeh [***...]
Gold:   164        SH:  0    Dex: 18    Spells: 0 memorised, 7 levels left

rFire  . . .     SeeInvis .     j - +2 dagger (freeze)
rCold  . . .     Gourm    .     d - +1 robe "Bitienig" {rPois} (curse)
rNeg   . . .     Faith    .     (shield restricted)
rPois  +         Spirit   .     (no helmet)
rElec  .         Dismiss  .     x - +1 cloak
rCorr  .         Reflect  .     (no gloves)
SustAt .         Harm     .     (no boots)
MR     .....                    (no amulet)
Stlth  ++++......               (no ring)
                                (no ring)

@: not resistant to hostile enchantments, stealthy
A: mutation resistance 1
a: Triple Draw, Renounce Religion


You were on level 5 of the Dungeon.
You worshipped Nemelex Xobeh.
Nemelex Xobeh was most pleased with you.
You were not hungry.

You visited 1 branch of the dungeon, and saw 5 of its levels.

You collected 164 gold pieces.

Inventory:

Hand Weapons
 b - a +0 blowgun
 j - a +2 dagger of freezing (weapon)
 s - a +2 hunting sling
 z - a +1 falchion of holy wrath
Missiles
 e - 13 poisoned needles
 f - a curare-tipped needle
 p - 2 sling bullets
 t - 96 stones (quivered)
 B - 5 silver tomahawks
Armour
 d - the cursed +1 robe "Bitienig" (worn) {rPois}
   (You found it on level 4 of the Dungeon)

   It protects you from poison.
   It has a curse placed upon it.
 x - a +1 cloak (worn)
 A - a cursed +0 ring mail
Scrolls
 r - a scroll of identify
 w - 3 scrolls of fog
 C - 2 scrolls of blinking
Miscellaneous
 c - a plain deck of escape
 h - a legendary deck of war {drawn: 3}
 i - a plain deck of destruction
 m - a plain deck of war
 v - a plain deck of escape
Comestibles
 g - 5 bread rations
 u - 2 meat rations


   Skills:
 + Level 2.1 Fighting
 * Level 5.0 Short Blades
 * Level 8.8(9.2) Slings
 + Level 3.0(5.2) Throwing
 * Level 4.6 Dodging
 * Level 6.1 Stealth
 + Level 0.6 Evocations


You had 7 spell levels left.
You didn't know any spells.

Dungeon Overview and Level Annotations

Branches:
Dungeon (5/15)
 Temple: D:4-7

Altars:
Nemelex Xobeh


Innate Abilities, Weirdness & Mutations

You are small and have problems with some larger weapons.
You are somewhat resistant to further mutation.


Message History

The orc priest hits you with a whip.
You hit the orc priest but do no damage.
The orc priest mumbles some strange prayers to Beogh against you.
Pain shoots through your body!
You hit the orc priest but do no damage.
The orc priest hits you with a whip.
You hit the orc priest but do no damage.
You hit the orc priest but do no damage.
The orc priest hits you with a whip!
* * * LOW HITPOINT WARNING * * *
You aren't carrying any potions.
The orc priest barely misses you.
The orc priest casts a cantrip, but nothing happens.
The orc priest calls down the wrath of Beogh upon you.
Pain shoots through your body!
* * * LOW HITPOINT WARNING * * *
The orc priest mumbles some strange prayers to Beogh against you.
Pain shoots through your body!
You die...
Your body disappears without a glow.

.# #...o...)........# .#
..##.##..########.# .# #. #..#
#.# .##... #.##..# #.# .##...
#.##..# #.# .##<..##.##..# #.#
.# #...#.##..# #.#
.###.#.#.##..########.#########
............o...@[............#
##...........................##
##.#.#.#.###.#.######.#####..#
.............#.# #.# #..#
##.#.#...#####.# #.# #..#
#..)............ #.# #..#
...).##..#####.#.# #.#####..#
#..#####.# #.#.# #........#
........># #.#.# ########.#


You could see an orc priest.

Vanquished Creatures
  Sigmund (D:3)
  An ice beast (D:5)
  3 ogres (D:4)
  A giant frog (D:5)
  A crimson imp (D:5)
  A hound (D:5)
  An orc priest (D:5)
  Crazy Yiuf (D:3)
  3 orc wizards
  Terence (D:2)
  A worker ant (D:4)
  A worker ant zombie (D:5)
  Robin (D:2)
  7 adders
  5 worms
  2 giant geckos
  8 orcs
  2 ball pythons (D:2)
  11 bats
  6 giant cockroaches
  19 goblins
  8 hobgoblins
  9 jackals (D:2)
  A quokka (D:5)
  3 giant newts
  10 kobolds
  4 rats
112 creatures vanquished.

Vanquished Creatures (collateral kills)
  4 gnolls (D:3)
4 creatures vanquished.

Grand Total: 116 creatures vanquished

Notes
Turn   | Place    | Note
--------------------------------------------------------------
     0 | D:1      | magog001 the Halfling Assassin began the quest for the Orb.
     0 | D:1      | Reached XP level 1. HP: 14/14 MP: 1/1
   218 | D:1      | Reached XP level 2. HP: 19/19 MP: 2/2
   227 | D:1      | Found a sparkling altar of Nemelex Xobeh.
   231 | D:1      | Became a worshipper of Nemelex Xobeh the Trickster
   414 | D:1      | Received a gift from Nemelex Xobeh
   571 | D:1      | Reached skill level 5 in Stealth
   983 | D:1      | Reached XP level 3. HP: 24/24 MP: 3/3
  1532 | D:2      | Found a faded altar to an unknown god.
  1552 | D:2      | Reached * piety under Nemelex Xobeh
  1609 | D:2      | HP: 1/24 [adder (4)]
  1617 | D:2      | Reached skill level 1 in Slings
  1617 | D:2      | Reached XP level 4. HP: 29/29 MP: 4/4
  1786 | D:2      | Noticed Terence
  1801 | D:2      | Killed Terence
  1807 | D:2      | Received a gift from Nemelex Xobeh
  1934 | D:2      | Reached XP level 5. HP: 34/34 MP: 5/5
  1984 | D:2      | Reached skill level 2 in Slings
  2391 | D:2      | Noticed Robin
  2443 | D:2      | Killed Robin
  2443 | D:2      | Reached skill level 3 in Slings
  2750 | D:3      | Received a gift from Nemelex Xobeh
  3197 | D:3      | Noticed Crazy Yiuf
  3209 | D:3      | Killed Crazy Yiuf
  3209 | D:3      | Reached skill level 4 in Slings
  3209 | D:3      | Reached XP level 6. HP: 20/39 MP: 6/6
  3649 | D:3      | Found a sparkling altar of Nemelex Xobeh.
  3649 | D:3      | Noticed Sigmund
  3678 | D:3      | Killed Sigmund
  3678 | D:3      | Reached skill level 5 in Slings
  3678 | D:3      | Reached XP level 7. HP: 32/45 MP: 7/7
  4269 | D:3      | Reached ** piety under Nemelex Xobeh
  4747 | D:4      | Reached skill level 6 in Slings
  5268 | D:4      | Reached skill level 7 in Slings
  5339 | D:4      | Got a faintly humming robe
  5348 | D:4      | Reached XP level 8. HP: 50/50 MP: 8/8
  5378 | D:4      | Identified the cursed +1 robe "Bitienig" {rPois} (You found it on level 4 of the Dungeon)
  5472 | D:4      | Received a gift from Nemelex Xobeh
  5575 | D:5      | Entered Level 5 of the Dungeon
  5769 | D:5      | Reached *** piety under Nemelex Xobeh
  5803 | D:5      | Reached skill level 8 in Slings
  6233 | D:5      | Received a gift from Nemelex Xobeh
  6415 | D:5      | Reached skill level 5 in Short Blades
  6439 | D:5      | Killed from afar by an orc priest

Skill      XL: |  1  2  3  4  5  6  7  8 |
---------------+-------------------------+-----
Stealth        | 5 6 |  6.1
Short Blades   | 3 4 5 |  5.0
Slings         | 1 4 5 7 8 |  8.8
Dodging        | 2 3 4 |  4.6
Fighting       | 2 |  2.1
Throwing       | 3 |  3.0
Evocations     | |  0.6

Action                   |  1- 3 |  4- 6 |  7- 9 || total
-------------------------+-------+-------+-------++-------
Melee: Dagger            |    81 |    65 |   147 ||   293
       Blowgun           |       |     1 |       ||     1
 Fire: Blowgun           |    17 |    15 |       ||    32
       Hunting sling     |    19 |   102 |    74 ||   195
Throw: Stone             |       |     4 |       ||     4
Evoke: Deck              |       |     3 |       ||     3
  Use: Potion            |     1 |     4 |     8 ||    13
       Scroll            |       |     5 |     8 ||    13
 Stab: Sleeping          |     8 |       |     2 ||    10
  Eat: Chunk             |     2 |     5 |     5 ||    12
       Beef jerky        |       |     1 |     1 ||     2
       Fruit             |       |       |     3 ||     3
Armor: Robe              |    31 |    13 |    11 ||    55
Dodge: Dodged            |   110 |    65 |    83 ||   258
